 Dungeon Sprint DCSS version 0.26.1-2-gb8aa6d0cf2 (webtiles) character file.

Game seed: 9204741364214537491

6645 Groucho the Unseen (level 10, 0/51 HPs)
             Began as a Spriggan Enchanter on Feb 17, 2021.
             Was an Initiate of Gozag.
             Slain by a demonic crawler (9 damage)
             ... in the Dungeon (Sprint I: "Red Sonja").
             The game lasted 00:09:39 (1478 turns).

Groucho the Unseen (Spriggan Enchanter)             Turns: 1478, Time: 00:09:40

Health: 0/51       AC:  7    Str:  6    XL:     10   Next: 72%
Magic:  28/28      EV: 32    Int: 17    God:    Gozag
Gold:   1644       SH:  0    Dex: 18    Spells: 27/36 levels left

rFire    . . .     SeeInvis +   a - +1 dagger
rCold    . . .     Faith    .   (shield restricted)
rNeg     . . .     Spirit   .   n - +1 steam dragon scales
rPois    .         Reflect  .   s - +1 hat
rElec    .         Harm     .   (no cloak)
rCorr    .         Rampage  .   (gloves unavailable)
Will     +....     NoTele   +   (boots unavailable)
Stlth    +++++++...             (no amulet)
HPRegen  0.17/turn              (no ring)
MPRegen  0.21/turn              (no ring)

@: gold aura, very quick
A: very small, unfitting armour, see invisible, speed 3
a: Renounce Religion, Potion Petition, Call Merchant, Bribe Branch


You were in the Dungeon.
You worshipped Gozag.
Gozag was most pleased with you.
You visited 1 branch You collected 3240 gold pieces.
You spent 1596 gold pieces at shops.

Inventory:

Hand Weapons
 a - a +1 dagger (weapon)
 o - the +7 dagger of Impatience {vorpal, *Slow +Blink rPois Will+++}
   (You bought it in a shop in the Dungeon)

   It inflicts extra damage upon your enemies.
   It protects you from poison.
   It affects your willpower, your defense against some magical effects.
   It lets you blink.
   It may slow you when you take damage.
 q - a +2 short sword of distortion
Missiles
 r - 6 curare-tipped darts
Armour
 b - a +0 robe
 m - a +2 buckler of reflection
 n - +1 steam dragon scales (worn)
 p - a +0 hat
 s - a +1 hat (worn)
Wands
 c - a wand of polymorph (6)
 l - a wand of flame (34) (quivered)
 t - a wand of paralysis (9)
Scrolls
 h - 3 scrolls of identify {unknown}
 i - a scroll of immolation {unknown}
 j - 2 scrolls of remove curse
Potions
 d - 3 potions of curing
 e - a potion of heal wounds
 f - a potion of haste
 g - 2 potions of magic
 k - a potion of resistance {unknown}


   Skills:
 + Level 4.3 Fighting
 - Level 10.0 Short Blades
 + Level 15.8 Dodging
 - Level 18.1 Stealth
 + Level 3.0 Shields
 + Level 13.7 Spellcasting
 + Level 13.9 Hexes


You had 27 spell levels left.
You knew the following spells:

 Your Spells              Type           Power        Failure   Level
a - Corona                Hex            62%          1%          1
b - Ensorcelled Hibernat  Hex/Ice        70%          1%          2
c - Confusing Touch       Hex            56%          1%          3
d - Tukima's Dance        Hex            56%          1%          3

Your spell library contained the following spells:

 Spells                   Type           Power        Failure   Level
 Dazzling Flash           Conj/Hex       70%          1%          3


Dungeon Overview and Level Annotations

Branches:
Dungeon (1/1)

Altars:
Cheibriados
Dithmenos
Elyvilon
Fedhas
Gozag
Hepliaklqana
Kikubaaqudgha
Makhleb
Nemelex Xobeh
Okawaru
Qazlal
Ru
Sif Muna
Trog
Uskayaw
Vehumet
Wu Jian
Xom
Yredelemnul
Zin
The Shining One
Jiyva
Lugonu

Shops:
D [([(([(?[!:[??}[[


Innate Abilities, Weirdness & Mutations

You are very small and have problems with some larger weapons.
You are too small for most types of armour.
You have supernaturally acute eyesight. (SInv)
You cover ground extremely quickly.


Message History

Unknown command.
You hit the demonic crawler but do no damage.
The demonic crawler closely misses you.
The demonic crawler completely misses you.
The demonic crawler misses you.
You hit the demonic crawler but do no damage.
Your hands stop glowing.
The demonic crawler completely misses you. x2
The demonic crawler hits you but does no damage.
You closely miss the demonic crawler.
You hit the demonic crawler but do no damage.
You hit the demonic crawler but do no damage.
The demonic crawler completely misses you.
The demonic crawler hits you. The demonic crawler misses you.
The demonic crawler hits you!
* * * LOW HITPOINT WARNING * * *
The demonic crawler completely misses you.
The demonic crawler hits you!
You die...
Your body crumbles into a pile of gold.

##########################
#<.#..'.s#.)'..#__#..')..#
#..'..#..@s.#..'^.'..#...#
#..#####s#####'#__####...s
#).####..#...#.####§.#####
#..#__####..##.#≈§§§§#§.#
#..#_____##'#_.'§§§§.§..#
#⌠⌠#_.∩...'..._#§≈§§§#..#
####_..__##_.#'##+#####'##
$$#_____###'#.#....###.'§
############.####'###[###§


You could see 3 demonic crawlers.

Vanquished Creatures
  2 centaur warriors (D)
  Sonja (D)
  A deep troll (D)
  2 unseen horrors (D)
  An oklob plant (D)
  2 kobold demonologists (D)
  A demonic crawler (D)
  A hornet (D)
  A slime creature (D)
  Sigmund (D)
  A yak (D)
  2 redbacks (D)
  2 floating eyes (D)
  An ogre (D)
  7 necrophages (D)
  8 jellies (D)
  Ijyb (D)
  2 ballistomycete spores (D)
37 creatures vanquished.

Vanquished Creatures (others)
  3 hornets (D)
3 creatures vanquished.

Grand Total: 40 creatures vanquished

Notes
Turn   | Place    | Note
-------+----------+-------------------------------------------
     0 | D        | Groucho the Spriggan Enchanter began the quest for the Orb.
     0 | D        | Reached XP level 1. HP: 9/9 MP: 5/5
     2 | D        | Noticed Ijyb
    18 | D        | Killed Ijyb
    19 | D        | Reached skill level 10 in Stealth
    19 | D        | Reached XP level 2. HP: 8/13 MP: 6/6
   362 | D        | Noticed an ogre
   375 | D        | Learned a level 2 spell: Ensorcelled Hibernation
   377 | D        | Killed an ogre
   378 | D        | Reached skill level 14 in Stealth
   378 | D        | Reached XP level 3. HP: 16/16 MP: 5/8
   378 | D        | Reached XP level 4. HP: 21/21 MP: 5/9
   387 | D        | Noticed Sigmund
   390 | D        | Killed Sigmund
   391 | D        | Reached skill level 18 in Stealth
   391 | D        | Reached XP level 5. HP: 24/24 MP: 6/10
   391 | D        | Reached XP level 6. HP: 28/28 MP: 6/11
   542 | D        | Learned a level 3 spell: Confusing Touch
   546 | D        | Learned a level 3 spell: Tukima's Dance
   546 | D        | Found a shimmering blue altar of Sif Muna.
   547 | D        | Found an ornate altar of the Wu Jian Council.
   548 | D        | Found a radiant altar of Vehumet.
   571 | D        | Found Tuvowu's Weapon Emporium.
   571 | D        | Found an ancient bone altar of Kikubaaqudgha.
   571 | D        | Found a hazy altar of Hepliaklqana.
   571 | D        | Found a stormy altar of Qazlal.
   571 | D        | Found a hide-covered altar of Uskayaw.
   571 | D        | Found a blossoming altar of Fedhas.
   571 | D        | Found a bloodstained altar of Trog.
   571 | D        | Found an iron altar of Okawaru.
   571 | D        | Found a basalt altar of Yredelemnul.
   571 | D        | Found a glowing golden altar of the Shining One.
   571 | D        | Found a snail-covered altar of Cheibriados.
   571 | D        | Found a sacrificial altar of Ru.
   571 | D        | Found a glowing silver altar of Zin.
   571 | D        | Found a shadowy altar of Dithmenos.
   571 | D        | Found a white marble altar of Elyvilon.
   571 | D        | Noticed a yak
   572 | D        | Found an opulent altar of Gozag.
   573 | D        | Killed a yak
   574 | D        | Reached skill level 5 in Spellcasting
   574 | D        | Reached skill level 5 in Hexes
   574 | D        | Found a sparkling altar of Nemelex Xobeh.
   579 | D        | Became a worshipper of Gozag Ym Sagoz the Greedy
   613 | D        | Found a burning altar of Makhleb.
   613 | D        | Found a shimmering altar of Xom.
   613 | D        | Noticed a slime creature
   614 | D        | Found a viscous altar of Jiyva.
   614 | D        | Found a corrupted altar of Lugonu.
   616 | D        | Killed a slime creature
   617 | D        | Reached skill level 5 in Short Blades
   617 | D        | Reached XP level 7. HP: 32/32 MP: 14/17
   640 | D        | Noticed a centaur warrior
   647 | D        | Noticed a centaur warrior
   648 | D        | Killed a centaur warrior
   649 | D        | Reached skill level 10 in Dodging
   649 | D        | Reached XP level 8. HP: 36/36 MP: 17/21
   649 | D        | Killed a centaur warrior
   650 | D        | Reached skill level 10 in Hexes
   681 | D        | Noticed a hornet
   684 | D        | Killed a hornet
   685 | D        | Reached skill level 10 in Spellcasting
   685 | D        | Reached XP level 9. HP: 39/39 MP: 20/24
   698 | D        | Noticed an oklob plant
   700 | D        | Killed an oklob plant
   713 | D        | Reached skill level 10 in Short Blades
   753 | D        | Noticed an unseen horror
   754 | D        | Noticed an unseen horror
   761 | D        | Killed an unseen horror
   767 | D        | Killed an unseen horror
   768 | D        | Reached XP level 10. HP: 44/44 MP: 24/27
   795 | D        | Reached skill level 1 in Fighting
   875 | D        | Found Domnoz's Antique Weapon Shoppe.
   875 | D        | Found Obixed's Armour Shop.
   875 | D        | Found Latosor's Weapon Boutique.
   877 | D        | Found Analuggy's Armour Emporium.
   877 | D        | Found Niafy's Weapon Shop.
   877 | D        | Found Rukhlukh's Magic Scroll Shoppe.
   877 | D        | Found Wusmionk's Antique Armour Boutique.
   877 | D        | Found Wonas's Distillery.
   877 | D        | Found Tiniur's Book Shop.
   877 | D        | Found Goze Bau's Antique Armour Shoppe.
   879 | D        | Bought a +2 buckler of reflection for 203 gold pieces
   881 | D        | Found Okuerr Ycee's Magic Scroll Boutique.
   882 | D        | Found Katsa's Gadget Emporium.
   882 | D        | Found Satar's Magic Scroll Boutique.
   886 | D        | Bought +1 steam dragon scales for 470 gold pieces
   907 | D        | Bought the +7 dagger of Impatience {vorpal, *Slow +Blink
                  | rPois Will+++} for 679 gold pieces
   907 | D        | Found Poliget's Armour Emporium.
   920 | D        | Bought a hat for 104 gold pieces
   986 | D        | Noticed a deep troll
   991 | D        | Killed a deep troll
   992 | D        | Reached skill level 15 in Dodging
   992 | D        | Reached skill level 1 in Shields
  1238 | D        | Found Unuecvar's Armour Emporium.
  1249 | D        | Noticed Sonja
  1252 | D        | Killed Sonja
  1272 | D        | Found Ofubler's Antique Armour Boutique.
  1280 | D        | Bought a runed hat for 140 gold pieces
  1478 | D        | Slain by a demonic crawler

Illustrated notes

Levels and vault maps discovered:
D:        dungeon_sprint_1 [red_sonja_temple_1, red_sonja_temple_small_1]

Skill      XL: |  1  2  3  4  5  6  7  8  9 10 |
---------------+-------------------------------+-----
Stealth        | 10 14 18 | 18.1
Spellcasting   | 6 8 10 12 13 | 13.7
Hexes          | 6 9 10 12 13 | 13.9
Short Blades   | 5 7 9 10 | 10.0
Dodging        | 7 10 11 14 15 | 15.8
Fighting       | 4 |  4.3
Shields        | 3 |  3.0

Action                   |  1- 3 |  4- 6 |  7- 9 | 10-12 || total
-------------------------+-------+-------+-------+-------++-------
Melee: Unarmed           |     3 |       |       |       ||     3
       Dagger            |     2 |     4 |    11 |    48 ||    65
 Cast: Ensorcelled Hiber |     1 |     1 |     3 |    11 ||    16
       Confusing Touch   |       |       |       |     6 ||     6
Evoke: Wand              |       |       |       |     2 ||     2
  Use: Potion            |     1 |       |       |     1 ||     2
       Scroll            |       |       |     1 |     1 ||     2
 Stab: Sleeping          |     2 |     4 |     9 |    14 ||    29
       Confused          |       |       |       |     5 ||     5
       Distracted        |       |       |       |     2 ||     2
Armor: Steam dragon scal |       |       |       |     7 ||     7
Dodge: Dodged            |     2 |       |     1 |    58 ||    61
